 Dungeon Crawl Stone Soup version 0.25.1-2-g60ff931df9 (webtiles) character file.

Game seed: 7829555101364094253

15383 gruber the Frost Mage (level 12, -4/91 HPs)
             Began as a Gnoll Ice Elementalist on Oct 6, 2020.
             Was an Elder of Vehumet.
             Slain by a two-headed ogre
             ... wielding a +0 giant club
              (26 damage)
             ... on level 12 of the Dungeon.
             The game lasted 00:17:46 (13252 turns).

gruber the Frost Mage (Gnoll Ice Elementalist)     Turns: 13252, Time: 00:17:47

Health: -4/91      AC:  8    Str: 17    XL:     12   Next: 26%
Magic:  0/24       EV: 17    Int: 22    God:    Vehumet [****..]
Gold:   383        SH:  0    Dex: 20    Spells: 15/28 levels left

rFire    . . .     SeeInvis .   Q - +0 lajatang
rCold    . . .     Gourm    .   (shield currently unavailable)
rNeg     . . .     Faith    .   I - +2 ring mail of Gozag's Pride {MR++ Regen+ Dex+4 Stlth-}
rPois    .         Spirit   +   (no helmet)
rElec    .         Reflect  .   E - scarf {repulsion}
rCorr    .         Harm     .   (no gloves)
MR       +++..                  (no boots)
Stlth    +++.......             K - amulet of guardian spirit
HPRegen  0.65/turn              d - ring of protection from magic
MPRegen  0.19/turn              P - +6 ring of strength

@: frozen ramparts, repel missiles
A: distributed training, fangs 1, strong nose
a: Renounce Religion


You were on level 12 of the Dungeon.
You worshipped Vehumet.
Vehumet was greatly pleased with you.
You were very hungry.

You visited 2 branches of the dungeon, and saw 13 of its levels.
You also visited: Sewer.

You collected 753 gold pieces.
You spent 370 gold pieces at shops.

Inventory:

Hand Weapons
 o - a +1 vampiric whip
 x - a +2 quarterstaff of draining
 C - a +0 hand axe of flaming
 H - a +1 mace of holy wrath
 Q - a +0 lajatang (weapon)
Armour
 a - a +0 robe
 E - a scarf of repulsion (worn)
 I - the +2 ring mail of Gozag's Pride (worn) {MR++ Regen+ Dex+4 Stlth-}
   (You found it on level 8 of the Dungeon)

   It affects your dexterity (+4).
   It affects your resistance to hostile enchantments.
   It increases your rate of regeneration.
   It makes you less stealthy.
 L - the cursed +0 helmet of Watchfulness {*Contam +Fly rPois MR++}
   (You bought it in a shop on level 8 of the Dungeon)

   It protects you from poison.
   It affects your resistance to hostile enchantments.
   It lets you fly.
   It causes magical contamination when unequipped.
   It has a curse placed upon it.
Jewellery
 d - a ring of protection from magic (left hand)
 K - an amulet of guardian spirit (around neck)
 P - a +6 ring of strength (right hand)
Wands
 n - a wand of random effects (9)
 s - a wand of acid (5)
 J - a wand of enslavement (11)
 N - a wand of iceblast (6)
 O - a wand of digging (5)
Scrolls
 b - 8 scrolls of remove curse
 h - 6 scrolls of teleportation {unknown}
 i - 10 scrolls of identify
 j - 3 scrolls of random uselessness {unknown}
 l - 4 scrolls of amnesia {unknown}
 p - a scroll of magic mapping {unknown}
 q - 2 scrolls of fog {unknown}
 r - a scroll of enchant weapon {unknown}
 y - 4 scrolls of blinking {unknown}
 A - a scroll of enchant armour {unknown}
 F - 3 scrolls of fear {unknown}
Potions
 e - 3 potions of haste {unknown}
 f - 2 potions of brilliance {unknown}
 g - 2 potions of magic {unknown}
 k - 10 potions of heal wounds
 m - 2 potions of flight {unknown}
 t - a potion of mutation {unknown}
 u - 2 potions of curing
 v - 4 potions of cancellation {unknown}
 w - a potion of ambrosia {unknown}
 z - a potion of experience {unknown}
 B - a potion of berserk rage {unknown}
 D - 2 potions of degeneration {unknown}
 G - a potion of stabbing {unknown}
Comestibles
 c - 29 rations


   Skills:
 + Level 7.0 Fighting
 + Level 7.0 Short Blades
 + Level 7.0 Long Blades
 + Level 7.0 Axes
 + Level 7.0 Maces & Flails
 + Level 7.0 Polearms
 + Level 7.0 Staves
 + Level 7.0 Slings
 + Level 7.0 Bows
 + Level 7.0 Crossbows
 + Level 7.0 Throwing
 + Level 7.0 Armour
 + Level 8.4 Dodging
 + Level 8.2 Stealth
 + Level 7.0 Shields
 + Level 7.0 Unarmed Combat
 + Level 8.7 Spellcasting
 + Level 5.8 Conjurations
 + Level 5.8 Hexes
 + Level 5.8 Charms
 + Level 5.8 Summonings
 + Level 5.8 Necromancy
 + Level 5.8 Translocations
 + Level 5.8 Transmutations
 + Level 5.8 Fire Magic
 + Level 9.3 Ice Magic
 + Level 5.8 Air Magic
 + Level 5.8 Earth Magic
 + Level 5.8 Poison Magic
 + Level 7.7 Invocations
 + Level 7.0 Evocations


You had 15 spell levels left.
You knew the following spells:

 Your Spells              Type           Power        Failure   Level  Hunger
a - Freeze                Ice            ####         1%          1    None
b - Frozen Ramparts       Ice            ######       1%          3    None
c - Summon Ice Beast      Ice/Summ       #####...     5%          4    ##.....
d - Fireball              Conj/Fire      #####.....   8%          5    #####..

Your spell library contained the following spells:

 Spells                   Type           Power        Failure   Level  Hunger
 Shock                    Conj/Air       ####         1%          1    None
 Swiftness                Chrm/Air       #####...     1%          2    None
 Ozocubu's Armour         Chrm/Ice       #####...     1%          3    None
 Static Discharge         Conj/Air       #####...     1%          3    None
 Hailstorm                Conj/Ice       #####...     1%          4    ##.....
 Airstrike                Air            #####.....   3%          4    ##.....
 Lightning Bolt           Conj/Air       #####.....   8%          5    #####..


Dungeon Overview and Level Annotations

Branches:
Dungeon (12/15)            Temple (1/1) D:5            Lair (0/6) D:10
  Sewer (visited)
    Orc: D:9-12

Altars:
Ashenzari
Cheibriados
Elyvilon
Fedhas
Gozag
Kikubaaqudgha
Makhleb
Nemelex Xobeh
Okawaru
Qazlal
Ru
Sif Muna
Trog
Uskayaw
Vehumet
Wu Jian
Xom
Yredelemnul
Zin
The Shining One

Shops:
D:4 !   D:8 [   D:9 !

Annotations:
D:7 Menkaure


Innate Abilities, Weirdness & Mutations

Your experience applies equally to all skills.
You have very sharp teeth.
Your uncanny sense of smell can sniff out nearby items.


Message History

You kill the centaur warrior!
Vehumet accepts your kill.
Your Fighting skill increases to level 7!
Your Short Blades skill increases to level 7!
Your Long Blades skill increases to level 7!
Your Axes skill increases to level 7!
Your Maces & Flails skill increases to level 7!
Your Polearms skill increases to level 7!
Your Staves skill increases to level 7!
Your Slings skill increases to level 7!
Your Bows skill increases to level 7!
Your Crossbows skill increases to level 7!
Your Throwing skill increases to level 7!
Your Armour skill increases to level 7!
Your Shields skill increases to level 7!
Your Unarmed Combat skill increases to level 7!
Your Evocations skill increases to level 7!
A big kobold comes into view.
It is wielding a +0 dagger of electrocution.
The wall freezes the two-headed ogre!
The two-headed ogre hits you with a +0 giant club!!
You die...

#..# #..# #..#
#(.####.#
#..######)).....#
#...........####.
##.#####..(.###
#.####.........
####()))(..K......
#....O(.....(......
#.##@##.)(#..####..
#...#.###..# ..
.(.#...# O.# ###.
...# ..# ##.#..# .#
#..# #.[# ..#


You could see a two-headed ogre and a big kobold (wandering).

Vanquished Creatures
  A hydra (D:7)
  A centaur warrior (D:12)
  2 ugly things (D:11)
  A manticore (D:11)
  A cyclops (D:11)
  A centaur skeleton (D:11)
  A kobold demonologist (D:8)
  A queen bee (D:10)
  2 trolls
  7 hippogriffs
  10 yaks
  2 water moccasins
  2 soldier ants (D:10)
  A nameless horror (D:8)
  3 ice beasts
  3 black bears
  A necrophage (D:10)
  2 sky beasts
  2 phantoms
  3 ogres
  7 centaurs
  A crocodile (D:10)
  7 big kobolds (Sewer)
  7 bullfrogs
  A wyvern skeleton (D:11)
  2 scorpions (D:5)
  30 killer bees
  2 howler monkeys (D:7)
  4 crimson imps
  2 bullfrog zombies
  3 hounds
  A jelly (D:8)
  A lava snake (D:8)
  5 orc wizards
  3 orc priests
  2 bullfrog skeletons
  Jessica (D:2)
  2 iguanas
  8 worker ants
  A hound skeleton (D:7)
  15 adders
  3 river rats (D:3)
  A shadow imp (D:7)
  3 oozes
  An adder zombie (D:9)
  2 adder skeletons
  6 worms
  3 dart slugs
  3 leopard geckos
  34 orcs
  7 ball pythons
  7 bats
  6 giant cockroaches
  7 goblins
  5 hobgoblins
  7 jackals
  3 quokkas
  6 frilled lizards
  16 kobolds
  A leopard gecko skeleton (D:4)
  9 rats
282 creatures vanquished.

Vanquished Creatures (collateral kills)
  Erica (D:8)
  A two-headed ogre (D:10)
  A wolf spider (D:11)
  2 centaur zombies
  A centaur skeleton (D:10)
  5 yaks
  A basilisk (D:10)
  2 hungry ghosts
  A black bear (D:8)
  An orc warrior (D:6)
  An ice beast (D:8)
  A necrophage (D:10)
  An ogre (D:10)
  A worker ant (D:11)
  4 orcs
  A kobold (D:12)
25 creatures vanquished.

Vanquished Creatures (others)
  A centaur (D:12)
1 creature vanquished.

Grand Total: 308 creatures vanquished

Notes
Turn   | Place    | Note
-------+----------+-------------------------------------------
     0 | D:1      | gruber the Gnoll Ice Elementalist began the quest for the
                  | Orb.
     0 | D:1      | Reached XP level 1. HP: 13/13 MP: 6/6
   118 | D:1      | Reached XP level 2. HP: 18/19 MP: 7/7
  1103 | D:2      | Noticed a water moccasin
  1136 | D:2      | Reached XP level 3. HP: 20/25 MP: 9/9
  1141 | D:2      | Learned a level 3 spell: Frozen Ramparts
  1209 | D:2      | Reached skill level 5 in Spellcasting
  1262 | D:2      | Noticed Jessica
  1267 | D:2      | Killed Jessica
  1267 | D:2      | Reached skill level 1 in Fighting
  1267 | D:2      | Reached skill level 1 in Short Blades
  1267 | D:2      | Reached skill level 1 in Long Blades
  1267 | D:2      | Reached skill level 1 in Axes
  1267 | D:2      | Reached skill level 1 in Maces & Flails
  1267 | D:2      | Reached skill level 1 in Polearms
  1267 | D:2      | Reached skill level 1 in Staves
  1267 | D:2      | Reached skill level 1 in Slings
  1267 | D:2      | Reached skill level 1 in Bows
  1267 | D:2      | Reached skill level 1 in Crossbows
  1267 | D:2      | Reached skill level 1 in Throwing
  1267 | D:2      | Reached skill level 1 in Armour
  1267 | D:2      | Reached skill level 1 in Shields
  1267 | D:2      | Reached skill level 1 in Unarmed Combat
  1267 | D:2      | Reached skill level 1 in Invocations
  1267 | D:2      | Reached skill level 1 in Evocations
  1468 | D:2      | Found a burning altar of Makhleb.
  1499 | D:2      | Reached XP level 4. HP: 31/32 MP: 7/11
  1809 | D:2      | Killed a water moccasin
  1809 | D:2      | Reached skill level 1 in Conjurations
  1809 | D:2      | Reached skill level 1 in Hexes
  1809 | D:2      | Reached skill level 1 in Charms
  1809 | D:2      | Reached skill level 1 in Summonings
  1809 | D:2      | Reached skill level 1 in Necromancy
  1809 | D:2      | Reached skill level 1 in Translocations
  1809 | D:2      | Reached skill level 1 in Transmutations
  1809 | D:2      | Reached skill level 1 in Fire Magic
  1809 | D:2      | Reached skill level 1 in Air Magic
  1809 | D:2      | Reached skill level 1 in Earth Magic
  1809 | D:2      | Reached skill level 1 in Poison Magic
  1809 | D:2      | Reached XP level 5. HP: 35/37 MP: 6/12
  2481 | D:2      | Found a sacrificial altar of Ru.
  2483 | D:2      | Found a stormy altar of Qazlal.
  2483 | D:2      | Found a white marble altar of Elyvilon.
  2485 | D:2      | Found a shimmering altar of Xom.
  2485 | D:2      | Found an opulent altar of Gozag.
  2485 | D:2      | Found a sacrificial altar of Ru.
  2893 | D:3      | Reached XP level 6. HP: 44/44 MP: 8/13
  3069 | D:3      | Reached skill level 5 in Dodging
  3107 | D:3      | Found a glowing drain.
  3116 | Sewer    | Entered a sewer
  3378 | Sewer    | Reached XP level 7. HP: 47/50 MP: 11/15
  3876 | Sewer    | Reached skill level 5 in Stealth
  4216 | Sewer    | Reached XP level 8. HP: 51/57 MP: 12/16
  4938 | D:4      | Found a snail-covered altar of Cheibriados.
  5064 | D:4      | Found Asibluol's Distillery.
  5106 | D:4      | Bought a potion of heal wounds for 65 gold pieces
  5106 | D:4      | Bought a potion of curing for 39 gold pieces
  5910 | D:5      | Entered Level 5 of the Dungeon
  5951 | D:5      | Found a staircase to the Ecumenical Temple.
  5996 | Temple   | Entered the Ecumenical Temple
  6039 | Temple   | Became a worshipper of Vehumet
  6486 | D:5      | Found a glowing golden altar of the Shining One.
  6544 | D:5      | Found a glowing silver altar of Zin.
  6673 | D:5      | Learned a level 4 spell: Summon Ice Beast
  7380 | D:6      | Reached XP level 9. HP: 50/65 MP: 14/18
  7573 | D:6      | You fall into a shaft and drop 1 floor!
  7760 | D:7      | Reached * piety under Vehumet
  7760 | D:7      | Offered knowledge of Foxfire by Vehumet.
  7852 | D:7      | Noticed Menkaure
  7988 | D:7      | Reached skill level 8 in Ice Magic
  8144 | D:7      | Found a sacrificial altar of Ru.
  8505 | D:7      | Noticed an eight-headed hydra
  8549 | D:7      | Killed an eight-headed hydra
  8549 | D:7      | Reached skill level 5 in Invocations
  8549 | D:7      | Reached XP level 10. HP: 73/73 MP: 4/20
  9182 | D:7      | Found a glowing silver altar of Zin.
  9192 | D:7      | Found a blossoming altar of Fedhas.
  9212 | D:8      | Found Poittyef's Antique Armour Shop.
  9289 | D:8      | Got a polished ring mail
  9390 | D:8      | Reached skill level 5 in Fighting
  9390 | D:8      | Reached skill level 5 in Short Blades
  9390 | D:8      | Reached skill level 5 in Long Blades
  9390 | D:8      | Reached skill level 5 in Axes
  9390 | D:8      | Reached skill level 5 in Maces & Flails
  9390 | D:8      | Reached skill level 5 in Polearms
  9390 | D:8      | Reached skill level 5 in Staves
  9390 | D:8      | Reached skill level 5 in Slings
  9390 | D:8      | Reached skill level 5 in Bows
  9390 | D:8      | Reached skill level 5 in Crossbows
  9390 | D:8      | Reached skill level 5 in Throwing
  9390 | D:8      | Reached skill level 5 in Armour
  9390 | D:8      | Reached skill level 5 in Shields
  9390 | D:8      | Reached skill level 5 in Unarmed Combat
  9390 | D:8      | Reached skill level 5 in Evocations
  9439 | D:8      | Bought a slimy helmet for 266 gold pieces
  9439 | D:8      | Identified the +2 ring mail of Gozag's Pride {MR++ Regen+
                  | Dex+4 Stlth-} (You found it on level 8 of the Dungeon)
  9440 | D:8      | Identified the cursed +0 helmet of Watchfulness {*Contam
                  | +Fly rPois MR++} (You bought it in a shop on level 8 of the
                  | Dungeon)
  9553 | D:8      | Noticed a kobold demonologist
  9555 | D:8      | Noticed Erica
  9560 | D:8      | Killed a kobold demonologist
  9807 | D:8      | Killed Erica
 10077 | D:8      | Offered knowledge of Magic Dart by Vehumet.
 10144 | D:9      | Reached ** piety under Vehumet
 10218 | D:9      | Found Caplacw's Distillery.
 10780 | D:10     | Entered Level 10 of the Dungeon
 10780 | D:10     | Noticed a two-headed ogre
 10787 | D:10     | Killed a two-headed ogre
 10787 | D:10     | Reached XP level 11. HP: 81/81 MP: 7/22
 10945 | D:10     | Found a staircase to the Lair.
 11604 | D:10     | Offered knowledge of Searing Ray by Vehumet.
 11607 | D:10     | Reached skill level 5 in Conjurations
 11607 | D:10     | Reached skill level 5 in Hexes
 11607 | D:10     | Reached skill level 5 in Charms
 11607 | D:10     | Reached skill level 5 in Summonings
 11607 | D:10     | Reached skill level 5 in Necromancy
 11607 | D:10     | Reached skill level 5 in Translocations
 11607 | D:10     | Reached skill level 5 in Transmutations
 11607 | D:10     | Reached skill level 5 in Fire Magic
 11607 | D:10     | Reached skill level 5 in Air Magic
 11607 | D:10     | Reached skill level 5 in Earth Magic
 11607 | D:10     | Reached skill level 5 in Poison Magic
 11618 | D:10     | Reached *** piety under Vehumet
 11765 | D:10     | Offered knowledge of Inner Flame by Vehumet.
 12143 | D:11     | Noticed a red ugly thing
 12153 | D:11     | Reached skill level 9 in Ice Magic
 12157 | D:11     | Killed a red ugly thing
 12286 | D:11     | Noticed a red ugly thing
 12297 | D:11     | Killed a red ugly thing
 12384 | D:11     | Noticed a cyclops
 12404 | D:11     | Killed a cyclops
 12625 | D:11     | Reached XP level 12. HP: 89/89 MP: 21/24
 12637 | D:11     | Reached **** piety under Vehumet
 12726 | D:11     | Offered knowledge of Fireball by Vehumet.
 12733 | D:11     | Learned a level 5 spell: Fireball
 13240 | D:12     | Noticed a two-headed ogre
 13241 | D:12     | Noticed a centaur warrior
 13252 | D:12     | Killed a centaur warrior
 13252 | D:12     | Slain by a two-headed ogre

Illustrated notes

Levels and vault maps discovered:
D:1:      minmay_arrival_loop, layout_basic, hangedman_decor_diamond_cutter,
          minmay_split_cup_small
D:2:      layout_basic, doesnt_xom_only_xom, lemuel_crystal_altar,
          minmay_misc_feat_enclosed, minmay_door_square, uniq_jessica
D:3:      layout_loops_ring, first_ration, portal_sewer_entry_e
D:4:      layout_gridville, old_standard_altar, serial_shops,
          nicolae_shop_behind_doors, kennysheep_generic_room_9
D:5:      layout_basic, nicolae_tso_swordbearing_angel,
          minmay_temple_entry_ruins, basic_altar, palyth_stone_intersect
D:6:      layout_rooms, riverfiend_overflow_shadow_ancestor,
          uniq_crazy_yiuf_cottage, uniq_sigmund
D:7:      layout_basic, overflow_temple_1_default,
          amethyst_overflow_temple_binary, uniq_menkaure
D:8:      layout_rooms, serial_shops, shop, nicolae_lava_and_water, uniq_erica
D:9:      layout_rooms, serial_shops, shop
D:10:     layout_long_grid, david_lair_generic, special_room [special_room_bee],
          hangedman_pestilent_swarm
D:11:     layout_rooms, minivault_22
D:12:     layout_loops_ring, david_orc_2, grunt_ministairs_8, uniq_sonja
Temple:   dshaligram_water_room_temple

Skill      XL: |  1  2  3  4  5  6  7  8  9 10 11 12 |
---------------+-------------------------------------+-----
Spellcasting   | 5 6 7 8 |  8.7
Fighting       | 1 2 3 4 5 6 7 |  7.0
Short Blades   | 1 2 3 4 5 6 7 |  7.0
Long Blades    | 1 2 3 4 5 6 7 |  7.0
Axes           | 1 2 3 4 5 6 7 |  7.0
Maces & Flails | 1 2 3 4 5 6 7 |  7.0
Polearms       | 1 2 3 4 5 6 7 |  7.0
Staves         | 1 2 3 4 5 6 7 |  7.0
Slings         | 1 2 3 4 5 6 7 |  7.0
Bows           | 1 2 3 4 5 6 7 |  7.0
Crossbows      | 1 2 3 4 5 6 7 |  7.0
Throwing       | 1 2 3 4 5 6 7 |  7.0
Armour         | 1 2 3 4 5 6 7 |  7.0
Shields        | 1 2 3 4 5 6 7 |  7.0
Unarmed Combat | 1 2 3 4 5 6 7 |  7.0
Invocations    | 1 2 3 4 5 6 7 |  7.7
Evocations     | 1 2 3 4 5 6 7 |  7.0
Conjurations   | 1 2 3 4 5 |  5.8
Hexes          | 1 2 3 4 5 |  5.8
Charms         | 1 2 3 4 5 |  5.8
Summonings     | 1 2 3 4 5 |  5.8
Necromancy     | 1 2 3 4 5 |  5.8
Translocations | 1 2 3 4 5 |  5.8
Transmutations | 1 2 3 4 5 |  5.8
Fire Magic     | 1 2 3 4 5 |  5.8
Air Magic      | 1 2 3 4 5 |  5.8
Earth Magic    | 1 2 3 4 5 |  5.8
Poison Magic   | 1 2 3 4 5 |  5.8
Dodging        | 5 6 7 8 |  8.4
Stealth        | 5 6 7 8 |  8.2
Ice Magic      | 8 9 |  9.3

Action                   |  1- 3 |  4- 6 |  7- 9 | 10-12 || total
-------------------------+-------+-------+-------+-------++-------
Melee: Unarmed           |    69 |    34 |       |       ||   103
       Bite              |     4 |     8 |    15 |    45 ||    72
       Whip              |       |    33 |    62 |       ||    95
       Short sword       |       |     6 |       |       ||     6
       Quarterstaff      |       |       |    99 |   216 ||   315
       Mace              |       |       |    20 |       ||    20
       Hand axe          |       |       |    12 |     9 ||    21
       Punch             |       |       |       |     1 ||     1
       Lajatang          |       |       |       |    78 ||    78
 Cast: Freeze            |    13 |    13 |       |     2 ||    28
       Frozen Ramparts   |     6 |    17 |    41 |    35 ||    99
       Summon Ice Beast  |       |       |    14 |    42 ||    56
       Fireball          |       |       |       |     1 ||     1
Evoke: Wand              |       |       |     2 |     1 ||     3
  Use: Scroll            |       |       |       |     3 ||     3
 Stab: Sleeping          |     7 |     5 |     7 |     7 ||    26
       Distracted        |       |       |     1 |       ||     1
  Eat: Chunk             |     2 |     3 |    16 |    19 ||    40
       Ration            |       |     1 |     1 |     1 ||     3
Armor: Robe              |    15 |     8 |    17 |     4 ||    44
       Ring mail         |       |       |       |    87 ||    87
Dodge: Dodged            |    51 |    46 |   146 |   266 ||   509
       Repelled          |       |       |       |     8 ||     8
